 Dungeon Crawl Stone Soup version 0.28-a0-1339-ga5422284a4 (webtiles) character file.

Game seed: 16663186905559090359

16 SensoryNuts the Skirmisher (level 2, -2/24 HPs)
             Began as a Demonspawn Fighter on Dec 28, 2021.
             Slain by an adder (3 damage)
             ... on level 2 of the Dungeon.
             The game lasted 00:00:57 (747 turns).

SensoryNuts the Skirmisher (Demonspawn Fighter)      Turns: 747, Time: 00:00:58

Health: -2/24      AC: 13    Str: 16    XL:     2   Next: 37%
Magic:  2/2        EV:  4    Int:  9    God:
Gold:   90         SH:  4    Dex: 12    Spells: 1/1 levels left

rFire   . . .      SeeInvis .   a - +0 long sword
rCold   . . .      Faith    .   c - +0 buckler
rNeg    . . .      Spirit   .   j - +0 plate armour
rPois   .          Reflect  .   (helmet restricted)
rElec   .          Harm     .   (no cloak)
rCorr   .          Rampage  .   g - +1 pair of gloves
Will    .....                   (no boots)
Stlth   ..........              (no amulet)
HPRegen 0.08/turn               (no ring)
MPRegen 0.08/turn               (no ring)

@: mighty
A: horns 1
a: no special abilities


You were on level 2 of the Dungeon.
You visited 1 branch of the dungeon, and saw 2 of its levels.

You collected 90 gold pieces.

Inventory:

Hand Weapons
 a - a +0 long sword (weapon)
Armour
 b - a +0 scale mail
 c - a +0 buckler (worn)
 g - a +1 pair of gloves (worn)
 j - a +0 plate armour (worn)
Jewellery
 f - a ring of magical power
Potions
 k - a potion of flight


   Skills:
 + Level 3.2 Fighting
 + Level 1.8 Long Blades
 + Level 3.0 Armour
 + Level 2.9 Shields


You had one spell level left.
You didn't know any spells.
Your spell library contained the following spells:

 Spells                   Type           Power      Damage    Failure   Level
 Sublimation of Blood     Necr           0%         N/A       100%        2
 Wereblood                Tmut           0%         N/A       100%        2
 Summon Hydra             Summ           0%         N/A       100%        7


Dungeon Overview and Level Annotations

Branches:
Dungeon (2/15)

Altars:


Innate Abilities, Weirdness & Mutations

You have a pair of small horns on your head.


Message History

You block the quokka's attack.
You closely miss the adder. Your headbutt misses the adder.
The adder is severely wounded.
The bat hits you but does no damage. The quokka barely misses you.
You block the adder's attack.
You closely miss the adder.
The adder is severely wounded.
The bat hits you but does no damage. The adder bites you.
You are poisoned.
The adder poisons you! The quokka bites you. The worm bites you!
The adder barely misses you. The quokka barely misses you.
You are too injured to fight recklessly!
There are monsters nearby!
There are monsters nearby!
There are monsters nearby!
You are too injured to fight recklessly!
There are monsters nearby!
You feel sick. The bat barely misses you. The adder bites you.
You are more poisoned.
The adder poisons you!
* * * LOW HITPOINT WARNING * * *
You feel sick. You block the bat's attack.
The adder bites you but does no damage.
* * * LOW HITPOINT WARNING * * *
You feel sick. The bat completely misses you.
* * * LOW HITPOINT WARNING * * *
You feel sick.
* * * LOW HITPOINT WARNING * * *
You feel sick. The bat hits you but does no damage.
You feel very mighty all of a sudden.
* * * LOW HITPOINT WARNING * * *
You feel sick. The bat hits you but does no damage.
The bat completely misses you. The bat hits you but does no damage.
You slash the bat!
You kill the bat!
* * * LOW HITPOINT WARNING * * *
You feel sick.
You are no longer poisoned.
The adder bites you.
You die...

..................
........(.........
..................
..................
..................
..........w......#
....#.....r.....#
....######S######
. ... #@# #.. #.#
####.####.#
..........######
.................
................#
...####.#..######
.... #....#
.....#...#####


You could see a worm, an adder and a quokka.

Vanquished Creatures
  A dart slug (D:2)
  A goblin (D:1)
  3 hobgoblins (D:1)
  2 kobolds (D:1)
  3 ball pythons (D:1)
  3 bats
  A rat (D:1)
14 creatures vanquished.

Notes
Turn   | Place    | Note
-------+----------+-------------------------------------------
     0 | D:1      | SensoryNuts the Demonspawn Fighter began the quest for the
                  | Orb.
     0 | D:1      | Reached XP level 1. HP: 18/18 MP: 1/1
   414 | D:1      | Discovered your monstrous ancestry.
   414 | D:1      | Gained mutation: You have a pair of small horns on your
                  | head. [demonic ancestry]
   414 | D:1      | Reached XP level 2. HP: 24/24 MP: 2/2
   747 | D:2      | HP: 1/24 [poisoned by an adder]
   747 | D:2      | Slain by an adder

Illustrated notes

Levels and vault maps discovered:
D:1:      minmay_arrival_checkered_box, layout_basic
D:2:      layout_rooms, hangedman_decor_peaks_small, kennysheep_generic_room_13,
          uniq_robin

Skill      XL: |  1  2 |
---------------+-------+-----
Armour         | 3 |  3.0
Fighting       | |  3.2
Long Blades    | |  1.8
Shields        | |  2.9

Action                   || total
-------------------------++-------
Melee: Long sword        ||    32
       Headbutt          ||     1
  Use: Scroll            ||     3
       Potion            ||     1
Armor: Scale mail        ||     7
       Plate armour      ||    28
Dodge: Dodged            ||    17
Block: Buckler           ||    14

Table legend: (Time is in decaauts)
 A = Elapsed time spent in this place.
 B = Non-inter-level travel time spent in this place.
 C = Inter-level travel time spent in this place.
 D = Time resting spent in this place.
 E = Time spent auto-exploring this place.
 F = Levels seen in this place.
 G = Mean time per level.
                   A        B        C        D        E       F      G
               +--------+--------+--------+--------+--------+-----+--------+
         Total |    756 |    688 |     68 |      0 |    515 |   2 |  378.0 |
       Dungeon |    756 |    688 |     68 |      0 |    515 |   2 |  378.0 |
               +--------+--------+--------+--------+--------+-----+--------+

Top non-repeatable levels by time:
     D:1: 712 daAuts
     D:2: 44 daAuts
